 Dungeon Crawl Stone Soup version 0.29-a0-757-g358383bc75 (webtiles) character file.

Game seed: 16740886239161056909

2419 zeratav the Ruffian (level 9, -5/89 HPs)
             Began as a Troll Fighter on July 1, 2022.
             Was an Initiate of Ru.
             Shot with an arrow by a centaur warrior (6 damage)
             ... on level 8 of the Dungeon.
             The game lasted 00:07:04 (5497 turns).

zeratav the Ruffian (Troll Fighter)                 Turns: 5497, Time: 00:07:05

Health: -5/89      AC: 14    Str: 30    XL:     9   Next: 24%
Magic:  8/8        EV: 12    Int:  4    God:    Ru [......]
Gold:   499        SH:  8    Dex:  9    Spells: 8/8 levels left

rFire   . . .      SeeInvis .     - Unarmed
rCold   . . .      Faith    .   b - +0 kite shield
rNeg    . . .      Spirit   .   u - +1 troll leather armour {Pargi}
rPois   .          Reflect  .   (helmet restricted)
rElec   .          Harm     .   y - +2 cloak
rCorr   .          Rampage  .   (gloves unavailable)
Will    .....                   (boots unavailable)
Stlth   +.........              (no amulet)
HPRegen 1.84/turn               n - +4 ring of protection
MPRegen 0.11/turn               q - +4 ring of evasion

@: no status effects
A: large, unfitting armour, claws 3, regeneration 1, shaggy fur 1, tough skin 1
a: Renounce Religion


You were on level 8 of the Dungeon.
You worshipped Ru.
Ru was noncommittal.
You visited 2 branches of the dungeon, and saw 9 of its levels.
You also visited: Sewer.

You collected 499 gold pieces.


Innate Abilities, Weirdness & Mutations

You are too large for most types of armour.
You have claws for hands.
Your natural rate of healing is unusually fast.
You are covered in fur. (AC +1)
You have tough skin. (AC +1)


   Skills:
 + Level 5.7 Fighting
 + Level 5.4 Throwing
 - Level 2.4 Dodging
 + Level 6.1 Shields
 + Level 6.8 Unarmed Combat


You had 8 spell levels left.
You didn't know any spells.
Your spell library contained the following spells:

 Spells                   Type           Power      Damage    Failure   Level
 Magic Dart               Conj           0%         1d3       80%         1
 Sting                    Tmut/Pois      0%         1d3       80%         1
 Call Imp                 Summ           0%         N/A       91%         2
 Poisonous Vapours        Pois/Air       0%         N/A       91%         2
 Conjure Flame            Conj/Fire      0%         6-21      99%         3
 Ignite Poison            Fire/Tmut/Pois 0%         N/A       99%         3
 Mephitic Cloud           Conj/Pois/Air  0%         N/A       99%         3
 Corpse Rot               Necr/Pois/Air  0%         N/A       100%        4
 Olgreb's Toxic Radiance  Pois           0%         N/A       100%        4
 Sticky Flame             Conj/Fire      0%         2d3       100%        4
 Freezing Cloud           Conj/Ice/Air   0%         6-21      100%        5

Inventory:

Missiles
 k - 5 large rocks (quivered) {=fthrowing}
 p - 5 javelins {throwing}
 v - 6 boomerangs {throwing}
Armour
 b - a +0 kite shield (worn)
 u - a +1 troll leather armour (worn) {Pargi}
   (You found it in a sewer)
 y - a +2 cloak (worn)
   (You took it off Crazy Yiuf on level 4 of the Dungeon)
Jewellery
 n - a +4 ring of protection (left claw)
   (You found it on level 3 of the Dungeon)
 q - a +4 ring of evasion (right claw)
   (You found it on level 7 of the Dungeon)
Wands
 a - a wand of acid (12)
   (You found it on level 6 of the Dungeon)
 r - a wand of charming (13)
   (You found it on level 7 of the Dungeon)
 w - a wand of flame (26)
   (You found it on level 4 of the Dungeon)
 z - a wand of iceblast (10)
   (You found it on level 5 of the Dungeon)
Scrolls
 d - a scroll of brand weapon
 e - a scroll of blinking {!r}
 i - a scroll of vulnerability {!r!r}
 l - a scroll of teleportation {@r4}
Potions
 c - 2 potions of might
 f - 2 potions of flight {unknown}
 g - 4 potions of curing {@q1}
 h - 2 potions of brilliance {unknown}
 j - 2 potions of heal wounds {unknown}
 m - 3 potions of degeneration {unknown}
 o - a potion of cancellation {unknown}
 s - 2 potions of invisibility {unknown}
 t - 2 potions of haste {@q3}
 x - a potion of lignification {unknown}
 A - a potion of ambrosia {unknown}
 C - a potion of berserk rage {unknown}

Dungeon Overview and Level Annotations

Branches:
Dungeon (8/15) Zot: 26990  Temple (1/1) D:7 Zot: 5780   Sewer (visited)
   Lair: D:8-11

Altars:
Ashenzari
Cheibriados
Dithmenos
Elyvilon
Fedhas
Gozag
Hepliaklqana
Kikubaaqudgha
Makhleb
Nemelex Xobeh
Okawaru
Qazlal
Ru
Sif Muna
Trog
Uskayaw
Vehumet
Wu Jian
Xom
Yredelemnul
Zin
The Shining One

#. #.#...#. #.
#..#.#...
##.#....#...#
#...........
#...#.#z..#
#..)#..#$# ..
#####....Oc.#...#
.......<@.c......
#####.#..o#...#..
#.....K#.#...
#.#.#...F#.. #
#.#..#........
#.#.#.#..#...#..
.#.#^.#...#K#...
#/# #.#....#...
.# #.... ..


You could see 2 centaur warriors, a two-headed ogre, a kobold brigand, a
bullfrog, a wight, an orc and a kobold.


Message History

No target in view!
No target in view!
No target in view!
No target in view!
No target in view!
Things that are here:
a +0 giant club {mace}; an ogre corpse; HP[+12]
Your hp is fully restored (88).
Things that are here:
a +0 shortbow {bow}; a centaur corpse You see here a +0 leather armour.
Things that are here:
a +0 shortbow {bow}; a centaur corpse Key pressed, stopping explore.
There is a stone staircase leading down here.
Key pressed, stopping explore.
You see here a +0 giant spiked club {mace}.
Found a stone staircase leading down.
You now have 485 gold pieces (gained 12).
You see here a +0 club {mace}.
There is a stone staircase leading up here.
You now have 499 gold pieces (gained 14).
Key pressed, stopping explore.
Done exploring.
Done exploring.
Done exploring.
Done exploring.
Done exploring.
No target in view!
(D) Dungeon (T) Temple
Where to? (Enter - D:7, ? - help)
There is a stone staircase leading up here.
You see here a +0 ring mail.
There is a stone staircase leading down here.
You climb downwards.
The orc shouts!
You hear a loud, deep croak!
There is a stone staircase leading up here.
An orc is nearby!
An orc is nearby!
A killer bee comes into view.
The killer bee buzzes angrily.
A two-headed ogre and a bullfrog come into view.
The two-headed ogre shouts in stereo!
The bullfrog croaks.
You hear a bellow!
A centaur warrior comes into view. x2
You closely miss the killer bee.
The centaur warrior shouts!
You hear a shout!
The killer bee stings you.
The centaur warrior wields a +0 longbow.
The centaur warrior shoots an arrow.
The arrow hits you! You block the killer bee's attack.
A wight comes into view.
It is wielding a +2 great sword of freezing.
You claw the killer bee! The killer bee closely misses you. x2
A kobold comes into view.
It is wielding a +0 whip and quivering poisoned darts.
The kobold shouts!
You claw the killer bee!
You kill the killer bee!
You hear a loud, deep croak!
You mangle the bullfrog!! The bullfrog barely misses you.
You mangle the bullfrog!!
You kill the bullfrog!
A bullfrog comes into view.
The centaur warrior wields a +0 longbow.
The centaur warrior shoots an arrow.
The arrow hits you!!
The orc hits you with a +1 short sword of protection.
The centaur warrior shoots an arrow.
The arrow hits you.
The centaur warrior shoots an arrow.
The arrow misses you.
You scratch the two-headed ogre. The two-headed ogre closely misses you.
The two-headed ogre hits you with a +0 giant club!!
* * * LOW HITPOINT WARNING * * *
A kobold brigand comes into view.
It is wielding a +0 short sword and quivering poisoned darts.
You block the orc's attack.
You are too injured to fight recklessly!
You are too injured to fight recklessly!
You are too injured to fight recklessly!
You are too injured to fight recklessly!
You are too injured to fight recklessly!
You are too injured to fight recklessly!
You are too injured to fight recklessly!
You are too injured to fight recklessly!
You are too injured to fight recklessly!
You are too injured to fight recklessly!
You are too injured to fight recklessly!
You are too injured to fight recklessly!
HP[-54]
You now have 89 max hp (+1).
You take 54 damage, and now have 34/89 hp.
MASSIVE DAMAGE!! (PAUSE)
You are too injured to fight recklessly!
The centaur warrior attacks as you move away!
The centaur warrior unwields a +0 longbow.
The centaur warrior hits you but does no damage.
You block the centaur warrior's attack.
The centaur warrior wields a +0 longbow.
The centaur warrior shoots an arrow.
The arrow hits you!!
* * * LOW HITPOINT WARNING * * *
The orc barely misses you. You block the two-headed ogre's attack.
The two-headed ogre hits you with a +0 giant club!
* * * LOW HITPOINT WARNING * * *
The centaur warrior shoots an arrow.
The arrow hits you.
You die...

Skill      XL: |  1  2  3  4  5  6  7  8  9 |
---------------+----------------------------+-----
Unarmed Combat | 3 4 5 6 |  6.8
Throwing       | 1 2 3 5 |  5.4
Shields        | 3 4 5 6 |  6.1
Fighting       | 3 4 5 |  5.7
Dodging        | |  2.4

Action                   |  1- 3 |  4- 6 |  7- 9 || total
-------------------------+-------+-------+-------++-------
Melee: Unarmed           |   140 |   109 |   196 ||   445
Throw: Large rock        |       |     1 |       ||     1
  Use: Scroll            |       |       |    10 ||    10
       Potion            |       |       |     1 ||     1
Armor: Robe              |    69 |    51 |       ||   120
       Troll leather arm |       |    30 |   111 ||   141
Dodge: Dodged            |    68 |    43 |    93 ||   204
Block: Kite shield       |    62 |    42 |   107 ||   211

Levels and vault maps discovered:
D:1:      minmay_arrival_floating_metal, layout_loops_ring
D:2:      layout_rooms, basic_altar, hellmonk_ecumenical_altar_watching_god
D:3:      layout_loops_ring, mainiacjoe_overflow_tiny_flanked,
          okawaru_metal_pillars_3
D:4:      layout_gridville, kb_xom_exploding_sheep, gup_sewer_entry_pipe,
          serial_undead, serial_undead_b, serial_undead_a, serial_undead_d,
          serial_undead_c, uniq_crazy_yiuf_cottage
D:5:      layout_loops_ring, nicolae_tso_swordbearing_angel,
          mainiacjoe_overflow_alcove_4, st_stairs_6, kennysheep_generic_room_5
D:6:      layout_cave_pods
D:7:      layout_cave_pods, minmay_temple_entry_large_hall
D:8:      cheibrodos_fzero, layout_basic, dpeg_lair_monsters, serial_shops,
          kennysheep_little_box, uniq_maggie, uniq_erica
Temple:   bh_familiar_temple

Notes
Turn   | Place    | Note
-------+----------+-------------------------------------------
     0 | D:1      | zeratav the Troll Fighter began the quest for the Orb.
     0 | D:1      | Reached XP level 1. HP: 22/22 MP: 0/0
     0 | D:1      | magus.rc [v1.9.6]
    78 | D:1      | You add the spells Ignite Poison, Mephitic Cloud and
                  | Freezing Cloud to your library.
   320 | D:1      | Reached XP level 2. HP: 29/29 MP: 1/1
   520 | D:1      | Reached skill level 3 in Unarmed Combat
   930 | D:2      | Reached XP level 3. HP: 36/36 MP: 2/2
   954 | D:2      | Found a faded altar of an unknown god.
   954 | D:2      | Noticed an eye of devastation
   957 | D:2      | Noticed a great orb of eyes
   957 | D:2      | Noticed a floating eye
   957 | D:2      | Noticed a golden eye
  1098 | D:2      | Found a white marble altar of Elyvilon.
  1305 | D:3      | You add the spells Conjure Flame and Sticky Flame to your
                  | library.
  1368 | D:3      | You add the spells Sting, Poisonous Vapours and Olgreb's
                  | Toxic Radiance to your library.
  1377 | D:3      | Found a glowing silver altar of Zin.
  1470 | D:3      | Found an iron altar of Okawaru.
  1515 | D:3      | Reached skill level 1 in Throwing
  1556 | D:3      | Reached skill level 3 in Shields
  1556 | D:3      | Reached XP level 4. HP: 44/44 MP: 3/3
  1832 | D:4      | Found a glowing drain.
  1845 | Sewer    | Entered a sewer
  1887 | Sewer    | Noticed Pargi
  1907 | Sewer    | Killed Pargi
  1908 | Sewer    | Reached skill level 3 in Fighting
  1908 | Sewer    | Reached XP level 5. HP: 32/53 MP: 4/4
  2094 | D:4      | Reached skill level 2 in Throwing
  2094 | D:4      | Reached skill level 4 in Unarmed Combat
  2109 | D:4      | Reached XP level 6. HP: 47/61 MP: 5/5
  2249 | D:4      | You pick up a book of Minor Magic and begin reading...
  2249 | D:4      | You add the spells Magic Dart and Call Imp to your library.
  2294 | D:4      | Noticed a dream sheep
  2294 | D:4      | Noticed a dream sheep
  2294 | D:4      | Noticed a dream sheep
  2294 | D:4      | Noticed a dream sheep
  2294 | D:4      | Noticed a dream sheep
  2294 | D:4      | Found a shimmering altar of Xom.
  2300 | D:4      | Killed a dream sheep
  2300 | D:4      | Killed a dream sheep
  2300 | D:4      | Killed a dream sheep
  2300 | D:4      | Killed a dream sheep
  2302 | D:4      | HP: 7/61 [something (15)]
  2303 | D:4      | Killed a dream sheep
  2440 | D:4      | Found a runed translucent door.
  2441 | D:4      | Noticed Crazy Yiuf
  2700 | D:4      | Killed Crazy Yiuf
  2701 | D:4      | Reached skill level 4 in Shields
  2725 | D:5      | Entered Level 5 of the Dungeon
  2811 | D:5      | Reached XP level 7. HP: 65/68 MP: 6/6
  2823 | D:5      | Reached skill level 3 in Throwing
  2873 | D:5      | You pick up a book of Vapours and begin reading...
  2998 | D:5      | Found a glowing golden altar of the Shining One.
  3072 | D:5      | Reached skill level 4 in Fighting
  3113 | D:5      | Identified the +0 helmet of the Prince of Darkness {Dex+3}
  3172 | D:5      | Reached skill level 5 in Unarmed Combat
  3234 | D:5      | Found a shimmering blue altar of Sif Muna.
  3642 | D:6      | Reached XP level 8. HP: 74/79 MP: 7/7
  3714 | D:6      | Reached skill level 4 in Throwing
  3714 | D:6      | Reached skill level 5 in Shields
  3965 | D:6      | HP: 16/70 [wight/+4 halberd (7)]
  4334 | D:6      | Reached skill level 5 in Fighting
  4334 | D:6      | Reached skill level 6 in Unarmed Combat
  4600 | D:7      | Reached skill level 5 in Throwing
  4607 | D:7      | Reached XP level 9. HP: 78/88 MP: 8/8
  4614 | D:7      | Found a staircase to the Ecumenical Temple.
  4645 | Temple   | Entered the Ecumenical Temple
  4827 | Temple   | Became a worshipper of Ru the Awakened
  5070 | D:7      | Reached skill level 6 in Shields
  5490 | D:8      | Noticed a two-headed ogre
  5490 | D:8      | Noticed a centaur warrior
  5490 | D:8      | Noticed a centaur warrior
  5497 | D:8      | HP: 15/89 [centaur warrior/arrow (20)]
  5497 | D:8      | HP: 1/89 [two-headed ogre/+0 giant club (14)]
  5497 | D:8      | Shot with an arrow by a centaur warrior

Vanquished Creatures
  A water moccasin (D:6)
  2 ice beasts (D:7)
  An orc warrior (D:6)
  Pargi (Sewer)
  A centaur (D:7)
  3 ogres
  A phantom (D:5)
  3 scorpions
  A bullfrog (D:8)
  A water moccasin zombie (D:4)
  10 wights
  4 necrophages
  A killer bee (D:8)
  A centaur zombie (D:4)
  2 jellies
  An orc priest (D:6)
  Crazy Yiuf (D:4)
  2 hounds (D:5)
  An iguana (D:7)
  2 orc wizards
  A hound zombie (D:4)
  4 adders
  A shadow imp (D:5)
  An ufetubus (D:5)
  A worm (D:2)
  3 dart slugs
  12 orcs
  11 bats
  6 endoplasms
  8 giant cockroaches
  3 goblins (D:2)
  8 hobgoblins
  4 jackals (D:3)
  6 kobolds
  3 quokkas
  6 ball pythons
  5 frilled lizards
  6 rats
129 creatures vanquished.

Vanquished Creatures (others)
  5 dream sheep (D:4)
5 creatures vanquished.

Grand Total: 134 creatures vanquished

Table legend:
 A = Non-vault XP
 B = Vault XP
 C = Vault XP percentage of total XP
 D = Non-vault monster count
 E = Vault monster count
 F = Vault count percentage of total count
                 A         B        C        D         E       F
            +---------+---------+-------+---------+---------+-------
      Total |    2839 |     617 |  17.9 |     106 |      23 |  17.8
            +---------+---------+-------+---------+---------+-------
        D:1 |      21 |       0 |   0.0 |      14 |       0 |   0.0
        D:2 |      41 |       0 |   0.0 |      21 |       0 |   0.0
        D:3 |      49 |       0 |   0.0 |      20 |       0 |   0.0
        D:4 |     175 |     201 |  53.5 |       7 |      10 |  58.8
        D:5 |     354 |     128 |  26.6 |      11 |       3 |  21.4
        D:6 |    1009 |       0 |   0.0 |      19 |       0 |   0.0
        D:7 |    1190 |       0 |   0.0 |      14 |       0 |   0.0
        D:8 |       0 |     145 | 100.0 |       0 |       2 | 100.0
      Sewer |       0 |     143 | 100.0 |       0 |       8 | 100.0
            +---------+---------+-------+---------+---------+-------

Illustrated notes

Table legend:
 A = Kills in this place as a percentage of kills in entire the game.
 B = Kills by you in this place as a percentage of kills by you in the entire game.
 C = Kills by friends in this place as a percentage of kills by friends in the entire game.
 D = Other kills in this place as a percentage of other kills in the entire game.
 E = Experience gained in this place as a percentage of experience gained in the entire game.
 F = Experience gained in this place divided by the number of levels of this place that you have seen.
                   A       B       C       D       E      F
               +-------+-------+-------+-------+-------+----------------------
         Total | 100.0 | 100.0 |   N/A |   N/A | 100.0 | 345.6
       Dungeon |  93.8 |  93.8 |   N/A |   N/A |  95.9 | 414.1
         Sewer |   6.2 |   6.2 |   N/A |   N/A |   4.1 | 143.0
               +-------+-------+-------+-------+-------+----------------------

Table legend: (Time is in decaauts)
 A = Elapsed time spent in this place.
 B = Non-inter-level travel time spent in this place.
 C = Inter-level travel time spent in this place.
 D = Time resting spent in this place.
 E = Time spent auto-exploring this place.
 F = Levels seen in this place.
 G = Mean time per level.
                   A        B        C        D        E       F      G
               +--------+--------+--------+--------+--------+-----+--------+
         Total |   5537 |   5229 |    308 |     41 |   4195 |  10 |  553.7 |
       Dungeon |   5181 |   4927 |    254 |     41 |   3981 |   8 |  647.6 |
        Temple |    219 |    166 |     53 |      0 |    162 |   1 |  219.0 |
         Sewer |    136 |    136 |      0 |      0 |     52 |   1 |  136.0 |
               +--------+--------+--------+--------+--------+-----+--------+

Top non-repeatable levels by time:
     D:6: 991 daAuts
     D:1: 812 daAuts
     D:7: 810 daAuts
     D:4: 793 daAuts
     D:5: 743 daAuts
     D:3: 583 daAuts
     D:2: 437 daAuts
  Temple: 219 daAuts
   Sewer: 136 daAuts
     D:8: 8 daAuts
